 Dungeon Crawl Stone Soup version 0.31-a0-851-g7ff8af7976 (webtiles) character file.

Game seed: 8714976793280065921

4 Revguard the Sneak (level 1, -1/16 HPs)
             Began as a Vampire Brigand on Oct 6, 2023.
             Slain by a worm (8 damage)
             ... on level 1 of the Dungeon.
             The game lasted 00:01:45 (104 turns).

Revguard the Sneak (Vampire Brigand)                 Turns: 104, Time: 00:01:45

Health: -1/16      AC:  4    Str: 10    XL:     1   Next: 58%
Magic:  1/1        EV: 12    Int: 13    God:
Gold:   22         SH:  0    Dex: 15    Spells: 0/0 levels left

rFire   . . .        a - +2 dagger
rCold   . . .        (no shield)
rNeg    . . .        b - +0 robe
rPois   .            g - +0 helmet
rElec   .            c - +0 cloak
rCorr   .            (no gloves)
SInv    +            (no boots)
Will    .....        (no amulet)
Stlth   +++          (no ring)
HPRegen 0.42/turn    (no ring)
MPRegen 0.07/turn

%: no passive effects
@: healing quickly
A: alive, fangs 3, see invisible, vampiric 1
a: Exsanguinate


You were on level 1 of the Dungeon.
You visited 1 branch of the dungeon, and saw 1 of its levels.

You collected 22 gold pieces.

Inventory:

Hand Weapons
 a - a +2 dagger (weapon)
Missiles
 d - 9 poisoned darts (quivered)
 e - 9 curare-tipped darts
Armour
 b - a +0 robe (worn)
 c - a +0 cloak (worn)
 g - a +0 helmet (worn)
Scrolls
 i - a scroll of identify {unknown}
Potions
 f - a potion of invisibility {unknown}
 h - a potion of degeneration {unknown}


   Skills:
 + Level 1.8 Fighting
 + Level 2.2 Short Blades
 - Level 1.5 Throwing
 + Level 0.1 Armour
 + Level 1.2 Dodging
 + Level 5.9 Stealth
 + Level 0.1 Spellcasting
 + Level 0.2 Hexes
 + Level 0.1 Necromancy


You couldn't memorise any spells.
You didn't know any spells.
Your spell library was empty.

Dungeon Overview and Level Annotations

Branches:
Dungeon (1/15)

Altars:


Innate Abilities, Weirdness & Mutations

Your natural rate of healing is accelerated.
You have razor-sharp teeth.
You have supernaturally acute eyesight. (SInv)
You are afflicted with vampirism.


Message History

You barely miss the quokka. Your bite misses the quokka.
The quokka is heavily wounded.
The quokka bites you.
You hit the quokka.
You kill the quokka!
HP restored.
h - a green potion
i - a scroll labelled LYMNOEQ JAMP You now have 22 gold pieces (gained 11).
A frilled lizard comes into view.
A worm comes into view.
Found 11 gold pieces.
Found a stone staircase leading down.
The frilled lizard hisses angrily.
A bat comes into view.
A worm comes into view.
The frilled lizard completely misses you.
You hit the frilled lizard.
You kill the frilled lizard!
The bat closely misses you. The bat misses you. The bat closely misses you.
The bat attacks as it pursues you! The bat closely misses you.
The bat barely misses you. x2
You miss the bat. The bat closely misses you.
The bat hits you but does no damage.
You hit the bat. Your bite misses the bat.
The bat is severely wounded.
The bat hits you but does no damage. The bat hits you but does no damage.
You hit the bat.
You kill the bat!
You hit the worm. You bite the worm, but do no damage.
The worm is moderately wounded.
The worm bites you!
Ouch! That really hurt!
You hit the worm.
The worm is heavily wounded.
The worm attacks as it pursues you! The worm bites you!
Ouch! That really hurt!
You die...

#################
................####
.#######...........
##.#.####..#
###.....###..#
#...#.#....#.#
#@#.....##.#.#
#w##.#.###.#.#
#.##.#.# #.#.##.##
##w##.#.###........
###...#.#......######
#)............#'.....
##..########...#......
#^....# #...#...##.
#..^†...# #.###..####


You could see 2 worms.

Vanquished Creatures
  An endoplasm (D:1)
  A quokka (D:1)
  2 bats (D:1)
  A frilled lizard (D:1)
5 creatures vanquished.

Notes
Turn   | Place    | Note
-------+----------+-------------------------------------------
     0 | D:1      | Revguard the Vampire Brigand began the quest for the Orb.
     0 | D:1      | Reached XP level 1. HP: 16/16 MP: 1/1
   104 | D:1      | Slain by a worm

Illustrated notes

Levels and vault maps discovered:
D:1:      minmay_arrival_four_loops, layout_loops_ring,
          hellmonk_ecumenical_altar_lost_god, minmay_misc_feat_five,
          nicolae_wormholes

Action                     || total
---------------------------++-------
  Melee: Dagger            ||    14
         Bite              ||     2
 Armour: Robe              ||     8
  Dodge: Dodged            ||     9

Table legend: (Time is in decaauts)
 A = Elapsed time spent in this place.
 B = Non-inter-level travel time spent in this place.
 C = Inter-level travel time spent in this place.
 D = Time resting spent in this place.
 E = Time spent auto-exploring this place.
 F = Levels seen in this place.
 G = Mean time per level.
                   A        B        C        D        E       F      G
               +--------+--------+--------+--------+--------+-----+--------+
         Total |    102 |    102 |      0 |      0 |     51 |   1 |  102.0 |
       Dungeon |    102 |    102 |      0 |      0 |     51 |   1 |  102.0 |
               +--------+--------+--------+--------+--------+-----+--------+

Top non-repeatable levels by time:
     D:1: 102 daAuts
